 Dungeon Crawl Stone Soup version 0.31-a0-370-g25055926c8 (webtiles) character file.

Game seed: 16761880991312046763

53 Bnni the Shooter (level 3, -5/22 HPs)
             Began as a Tengu Hunter on July 29, 2023.
             Slain by an ice beast (6 damage)
             ... on level 3 of the Dungeon.
             The game lasted 00:01:30 (1086 turns).

Bnni the Shooter (Tengu Hunter)                     Turns: 1086, Time: 00:01:31

Health: -5/22      AC:  4    Str: 11    XL:     3   Next: 89%
Magic:  4/4        EV: 12    Int:  9    God:
Gold:   39         SH:  0    Dex: 19    Spells: 2/2 levels left

rFire   . . .        a - +0 shortbow
rCold   . . .        (shield currently unavailable)
rNeg    . . .        c - +0 leather armour
rPois   .            (helmet restricted)
rElec   .            (no cloak)
rCorr   +            f - +0 pair of gloves
SInv    .            (boots unavailable)
Will    .....        (no amulet)
Stlth   ++           l - ring of resist corrosion
HPRegen 0.23/turn    (no ring)
MPRegen 0.09/turn

%: no passive effects
@: brilliant
A: beak, talons 3
a: no special abilities


You were on level 3 of the Dungeon.
You visited 1 branch of the dungeon, and saw 3 of its levels.

You collected 39 gold pieces.

Inventory:

Hand Weapons
 a - a +0 shortbow (weapon)
Missiles
 n - 12 poisoned darts
Armour
 c - a +0 leather armour (worn)
 f - a +0 pair of gloves (worn)
Jewellery
 l - a ring of resist corrosion (left hand)
Scrolls
 b - a scroll of butterflies
 d - a scroll of teleportation {unknown}
 g - 4 scrolls of identify {unknown}
 i - a scroll of brand weapon {unknown}
 k - a scroll of enchant armour {unknown}
 o - a scroll of vulnerability {unknown}
 q - a scroll of noise {unknown}
Potions
 e - a potion of brilliance
 h - 2 potions of heal wounds {unknown}
 j - a potion of lignification {unknown}
 m - 2 potions of curing {unknown}
 p - a potion of degeneration {unknown}


   Skills:
 + Level 2.8 Fighting
 * Level 5.4 Ranged Weapons
 - Level 2.1 Dodging
 - Level 1.0 Stealth


You had 2 spell levels left.
You didn't know any spells.
Your spell library was empty.

Dungeon Overview and Level Annotations

Branches:
Dungeon (2/15)

Altars:

Shops:
D:1 (


Innate Abilities, Weirdness & Mutations

You have a beak for a mouth.
You have claws for feet.


Message History

You see here an adder corpse.
You open the door.
There is an open door here.
There is an open door here.
An endoplasm comes into view.
The endoplasm quivers.
An endoplasm is nearby!
You shoot an arrow. The arrow hits the endoplasm.
The endoplasm is heavily wounded.
You shoot an arrow.
The arrow hits the endoplasm but does no damage.
The endoplasm is heavily wounded.
You shoot an arrow. The arrow hits the endoplasm.
You kill the endoplasm!
Found a stone staircase leading down.
q - a scroll labelled FOUSES TAURPH
There is a stone staircase leading down here.
Found a beast talisman.
An ice beast comes into view.
You shoot an arrow. The arrow barely misses the ice beast.
You shoot an arrow. The arrow hits the ice beast!
The ice beast is moderately wounded.
Okay, then.
You shoot an arrow. The arrow closely misses the ice beast.
You shoot an arrow.
The arrow hits the ice beast but does no damage.
The ice beast is moderately wounded.
You shoot an arrow. The arrow barely misses the ice beast.
The ice beast hits you. The ice beast freezes you!
The ice beast attacks as you move away! The ice beast hits you.
The ice beast freezes you.
* * * LOW HITPOINT WARNING * * *
You are too injured to fight recklessly!
Unknown command.
It was a potion of brilliance.
You feel clever all of a sudden. The ice beast hits you.
* * * LOW HITPOINT WARNING * * *
The ice beast freezes you.
You die...

###+###...### #....#.#.
............# #...#.#.#
.......##...##
#..#.#.#.
....◎..####..##
#)..#.#.# .......#
#...## ###....#.#.
........ #.#..##
#.......#.# .....###
#.#...# #........#.
####.
#.#..Y#######.........#
#.
#.#...@...........)....
#.#.....###......###...
#.#.###.##....#+## ##..
#.#.# #.>...#.#.# ##.
#.# ##......#.# ## #.
#......#.# #.
#......#.# ###.
#......#.####...
#......#......##


You could see an ice beast.

Vanquished Creatures
  An adder (D:3)
  An orc (D:3)
  5 ball pythons (D:1)
  4 bats (D:1)
  6 endoplasms
  4 giant cockroaches
  5 goblins (D:1)
  4 hobgoblins (D:1)
  6 kobolds
36 creatures vanquished.

Notes
Turn   | Place    | Note
-------+----------+-------------------------------------------
     0 | D:1      | Bnni the Tengu Hunter began the quest for the Orb.
     0 | D:1      | Reached XP level 1. HP: 12/12 MP: 2/2
    35 | D:1      | Found a faded altar of an unknown god.
    36 | D:1      | Noticed a floating eye
    39 | D:1      | Noticed a shining eye
    39 | D:1      | Noticed a floating eye
    39 | D:1      | Noticed a great orb of eyes
    76 | D:1      | Found Opoh Naa's Antique Weapon Boutique.
   110 | D:1      | Reached XP level 2. HP: 17/17 MP: 3/3
   257 | D:1      | Reached skill level 5 in Ranged Weapons
   315 | D:1      | Reached XP level 3. HP: 22/22 MP: 4/4
   719 | D:2      | You fall into a shaft and drop 1 floor!
  1070 | D:3      | Noticed an ice beast
  1086 | D:3      | HP: 1/22 [ice beast (2)]
  1086 | D:3      | Slain by an ice beast

Illustrated notes

Levels and vault maps discovered:
D:1:      roderic_dead_forest, layout_basic,
          hellmonk_ecumenical_altar_watching_god, serial_shops, shop,
          serial_bayou_pond_a
D:2:      layout_basic, basic_altar, chequers_avenue
D:3:      layout_basic, nicolae_tso_swordbearing_angel, nicolae_the_louvre

Skill      XL: |  1  2 |
---------------+-------+-----
Ranged Weapons | 5 |  5.4
Fighting       | |  2.8
Dodging        | |  2.1
Stealth        | |  1.0

Action                     || total
---------------------------++-------
   Fire: Shortbow          ||   101
    Use: Potion            ||     1
 Armour: Leather armour    ||    17
  Dodge: Dodged            ||    32

Table legend: (Time is in decaauts)
 A = Elapsed time spent in this place.
 B = Non-inter-level travel time spent in this place.
 C = Inter-level travel time spent in this place.
 D = Time resting spent in this place.
 E = Time spent auto-exploring this place.
 F = Levels seen in this place.
 G = Mean time per level.
                   A        B        C        D        E       F      G
               +--------+--------+--------+--------+--------+-----+--------+
         Total |   1105 |   1085 |     20 |      0 |    852 |   3 |  368.3 |
       Dungeon |   1105 |   1085 |     20 |      0 |    852 |   3 |  368.3 |
               +--------+--------+--------+--------+--------+-----+--------+

Top non-repeatable levels by time:
     D:1: 733 daAuts
     D:3: 371 daAuts
